 Dungeon Crawl Stone Soup version 0.29.1-2-gbd0b4ee654 (webtiles) character file.

Game seed: 7102869854428980410

35 GorkyZ the Shield-Bearer (level 3, -5/29 HPs)
             Began as a Formicid Fighter on Nov 21, 2022.
             Killed from afar by a white imp (6 damage)
             ... with a puff of frost
             ... summoned by Natasha
             ... on level 3 of the Dungeon.
             The game lasted 00:04:56 (1839 turns).

GorkyZ the Shield-Bearer (Formicid Fighter)         Turns: 1839, Time: 00:04:57

Health: -5/29      AC:  8    Str: 22    XL:     3   Next: 52%
Magic:  0/3        EV: 10    Int: 15    God:
Gold:   82         SH:  6    Dex: 19    Spells: 2/2 levels left

rFire   x . .      SeeInvis +   j - +4 rapier of Sunlight {drain, rF- rC- rN+++ Int+8}
rCold   x . .      Faith    .   c - +0 buckler
rNeg    + + +      Spirit   +   b - +0 scale mail
rPois   .          Reflect  .   (helmet unavailable)
rElec   .          Harm     .   (no cloak)
rCorr   .          Rampage  .   (no gloves)
Will    .....                   f - +0 pair of boots
Stlth   ..........              p - amulet of guardian spirit
HPRegen 0.09/turn               k - +6 ring of dexterity
MPRegen 0.08/turn               (no ring)

@: no status effects
A: permanent stasis, dig shafts and tunnels, antennae 3, four strong arms
a: Dig, Shaft Self


You were on level 3 of the Dungeon.
You visited 1 branch of the dungeon, and saw 3 of its levels.

You collected 82 gold pieces.

Inventory:

Hand Weapons
 a - a +0 war axe
 j - the +4 rapier of Sunlight (weapon) {drain, rF- rC- rN+++ Int+8}
   (You found it on level 2 of the Dungeon)

   A truly terrible weapon, it drains the life of any living foe it strikes.
   Int:       It affects your intelligence (+8).
   rF:        It makes you vulnerable to fire.
   rC:        It makes you vulnerable to cold.
   rN:        It renders you almost immune to negative energy.
Missiles
 o - a throwing net
Armour
 b - a +0 scale mail (worn)
 c - a +0 buckler (worn)
 f - a +0 pair of boots (worn)
Jewellery
 k - a +6 ring of dexterity (left hand)
 p - an amulet of guardian spirit (around neck)
Scrolls
 e - 3 scrolls of identify {unknown}
 h - a scroll of brand weapon {unknown}
 i - a scroll of fear {unknown}
 q - a scroll of vulnerability {unknown}
Potions
 d - a potion of might
 g - a potion of heal wounds {unknown}
 l - a potion of brilliance {unknown}
 m - a potion of curing {unknown}
 n - a potion of flight {unknown}
 r - a potion of haste {unknown}


   Skills:
 + Level 3.4 Fighting
 * Level 2.2 Axes
 * Level 1.1 Throwing
 + Level 3.4 Armour
 + Level 0.8 Dodging
 + Level 4.2 Shields
 * Level 1.1 Evocations


You had 2 spell levels left.
You didn't know any spells.
Your spell library contained the following spells:

 Spells                   Type           Power      Damage    Failure   Level
 Shock                    Conj/Air       0%         1d3       65%         1
 Animate Armour           Summ/Erth      0%         N/A       100%        4
 Summon Ice Beast         Ice/Summ       0%         N/A       100%        4


Dungeon Overview and Level Annotations

Branches:
Dungeon (3/15)

Altars:
Ashenzari
Zin

Annotations:
D:3 Natasha


Innate Abilities, Weirdness & Mutations

You cannot be hasted, slowed, berserked, paralysed or teleported.
You can dig through walls and to a lower floor.
You have a pair of large antennae on your head. (SInv)
Your four strong arms can wield two-handed weapons with a shield.


Message History

The frilled lizard bites you but does no damage.
You block the giant cockroach's attack.
Natasha mumbles some strange words.
The frilled lizard barely misses you.
You hit Natasha but do no damage. You drain Natasha.
Natasha is moderately wounded.
The giant cockroach bites you but does no damage.
The frilled lizard bites you but does no damage.
Natasha casts a spell at you. You resist with some effort.
You block the white imp's attack. You block the giant cockroach's attack.
You barely miss Natasha.
Natasha is moderately wounded.
The frilled lizard misses you. You block Natasha's attack.
The white imp hits you but does no damage.
The giant cockroach bites you but does no damage.
You hit Natasha. You drain Natasha.
Natasha is heavily wounded.
The frilled lizard bites you but does no damage.
Natasha barely misses you.
The giant cockroach bites you but does no damage.
The white imp gestures at you. The puff of frost hits you.
You barely miss Natasha.
Natasha is heavily wounded.
You block the giant cockroach's attack.
Natasha casts a spell.
The frilled lizard barely misses you. The white imp puffs mist at you.
The white imp gestures at you. The puff of frost hits you!
You feel a terrible chill!
* * * LOW HITPOINT WARNING * * *
The giant cockroach bites you but does no damage.
The frilled lizard bites you but does no damage.
Natasha closely misses you.
You puncture Natasha!
Natasha is almost dead.
The white imp gestures at you. The puff of frost hits you.
You feel a terrible chill!
You die...

.....##......≈.≈≈≈≈§.≈≈≈
#..)........§..§.§≈S...
##...........≈≈§§≈.≈≈≈§≈
...............§........
..............§§........
..<###....#####.........
...#.............$......
#.........####.).l......
#.#.......# #..@B......
#.#.##....# #..h5......
+.#.......# #..........
##....#...# #...5......
..... ...........
##.......... ...........
.....#.....#


You could see Natasha (very drained), an adder, a white imp (summoned), a shadow
imp (summoned), a giant cockroach and a frilled lizard.

Vanquished Creatures
  A worm (D:2)
  5 endoplasms
  2 goblins (D:1)
  4 hobgoblins
  2 quokkas
  6 ball pythons (D:1)
  3 bats
  4 frilled lizards (D:1)
  4 kobolds
  A rat (D:1)
32 creatures vanquished.

Vanquished Creatures (others)
  3 fungi (D:1)
  A plant (D:1)
4 creatures vanquished.

Grand Total: 36 creatures vanquished

Notes
Turn   | Place    | Note
-------+----------+-------------------------------------------
     0 | D:1      | GorkyZ the Formicid Fighter began the quest for the Orb.
     0 | D:1      | Reached XP level 1. HP: 18/18 MP: 1/1
   274 | D:1      | Reached XP level 2. HP: 15/24 MP: 2/2
   739 | D:1      | Reached skill level 1 in Evocations
   872 | D:1      | Reached XP level 3. HP: 29/29 MP: 3/3
   883 | D:1      | Found a faded altar of an unknown god.
   887 | D:1      | Got Plato's Teachings on Gusts
  1160 | D:2      | Identified the +4 rapier of Sunlight {drain, rF- rC- rN+++
                  | Int+8}
  1342 | D:2      | Reached skill level 1 in Throwing
  1542 | D:2      | Got the Anthology of Illusion
  1818 | D:3      | Found a broken altar of Ashenzari.
  1825 | D:3      | Found a glowing silver altar of Zin.
  1827 | D:3      | Noticed Natasha
  1838 | D:3      | HP: 1/29 [white imp/puff of frost[Natasha] (8)]
  1839 | D:3      | Killed from afar by a white imp

Illustrated notes

Levels and vault maps discovered:
D:1:      minmay_arrival_doors, layout_basic,
          shapermc_ecumenical_altar_rom_forum
D:2:      layout_loops_ring
D:3:      layout_basic, mainiacjoe_overflow_catwalk_spiral, serial_glass,
          glass_columns_b, glass_columns_a, serial_shops, shop, uniq_natasha

Skill      XL: |  1  2  3 |
---------------+----------+-----
Evocations     | 1 |  1.1
Throwing       | 1 |  1.1
Fighting       | |  3.4
Axes           | |  2.2
Armour         | |  3.4
Dodging        | |  0.8
Shields        | |  4.2

Action                   || total
-------------------------++-------
Melee: War axe           ||    62
       Rapier            ||    25
Armor: Scale mail        ||    48
Dodge: Dodged            ||    33
Block: Buckler           ||    20
